 Dungeon Crawl Stone Soup version 0.23-a0-385-gb2d581486a (webtiles) character file.

10112 Kaname the Conjurer (level 11, -8/68 HPs)
             Began as a Demonspawn Wizard on Oct 28, 2018.
             Was an Initiate of Gozag.
             Mangled by an ogre
             ... wielding a +0 giant club
              (24 damage)
             ... on level 10 of the Dungeon.
             The game lasted 00:47:17 (11223 turns).

Kaname the Conjurer (Demonspawn Wizard)            Turns: 11223, Time: 00:47:18

Health: -8/68      AC:  4    Str:  7    XL:     11   Next: 31%
Magic:  6/21       EV: 13    Int: 22    God:    Gozag
Gold:   376        SH:  0    Dex: 20    Spells: 1/23 levels left

rFire    + . .     SeeInvis .   G - +3 dagger (chaos)
rCold    . . .     Gourm    .   (no shield)
rNeg     . . .     Faith    .   H - +1 robe {Archmagi}
rPois    .         Spirit   .   b - +0 hat
rElec    .         Reflect  .   r - +0 cloak
rCorr    .         Harm     .   (no gloves)
MR       .....                  (boots unavailable)
Stlth    +++++.....             (no amulet)
HPRegen  0.21/turn              n - +1 ring of evasion
MPRegen  0.17/turn              v - +3 ring of dexterity

@: gold aura, very slightly contaminated, slowed, very slow
A: hooves 3, thin skeletal structure 2, fire resistance 1, nightstalker 1
a: Potion Petition, Call Merchant, Bribe Branch, Renounce Religion


You were on level 10 of the Dungeon.
You worshipped Gozag.
Gozag was aware of your devotion.
You were not hungry.

You visited 2 branches of the dungeon, and saw 11 of its levels.

You collected 1741 gold pieces.
You spent 1300 gold pieces at shops.
You paid 65 gold pieces to Gozag.

Inventory:

Hand Weapons
 i - a +3 short sword of electrocution
 C - a +0 glaive of venom
 G - a +3 dagger of chaos (weapon)
 I - a +0 blowgun
Missiles
 t - 123 arrows
 J - 7 needles of sleeping
Armour
 b - a +0 hat (worn)
 r - a +0 cloak (worn)
 y - a +0 buckler
 H - a +1 robe of the Archmagi (worn)
 L - the +6 ring mail of Naogouv {*Corrode rF+ MR+ Int+3}
   (You found it on level 9 of the Dungeon)

   It affects your intelligence (+3).
   It protects you from fire.
   It affects your resistance to hostile enchantments.
   It may corrode you when you take damage.
Jewellery
 l - an uncursed ring of teleportation
 n - a +1 ring of evasion (left hand)
 v - a +3 ring of dexterity (right hand)
 z - an uncursed ring of flight
Wands
 q - a wand of disintegration (9)
 s - a wand of iceblast (27)
 u - a wand of enslavement (31)
 A - a wand of acid (5)
 F - a wand of scattershot (5)
Scrolls
 a - 2 scrolls of enchant armour
 c - 5 scrolls of remove curse
 f - 3 scrolls of amnesia
 h - a scroll of magic mapping
 k - 4 scrolls of teleportation
 m - a scroll of summoning {unknown}
 o - 3 scrolls of fear
 w - a scroll of fog {unknown}
 D - a scroll of blinking
 E - a scroll of enchant weapon {unknown}
Potions
 e - a potion of magic {unknown}
 g - 2 potions of flight
 j - 3 potions of brilliance
 p - 4 potions of curing
 x - 2 potions of might
 B - 2 potions of mutation {unknown}
Comestibles
 d - 20 rations


   Skills:
 - Level 5.0 Short Blades
 - Level 1.7 Dodging
 - Level 5.2 Stealth
 + Level 6.9 Spellcasting
 - Level 7.5 Conjurations
 - Level 2.2 Hexes
 - Level 4.2 Summonings
 - Level 0.8 Translocations
 - Level 6.3 Fire Magic
 - Level 6.1 Ice Magic
 - Level 4.0 Air Magic
 - Level 4.0 Earth Magic


You had one spell level left.
You knew the following spells:

 Your Spells              Type           Power        Failure   Level  Hunger
a - Stone Arrow           Conj/Erth      #####.       2%          3    None
b - Blink                 Tloc           N/A          9%          2    None
c - Mephitic Cloud        Conj/Pois/Air  #####...     4%          3    None
d - Conjure Flame         Conj/Fire      ######..     1%          3    None
e - Ensorcelled Hibernat  Hex/Ice        #####.       2%          2    None
f - Fireball              Conj/Fire      ######....   13%         5    #####..
i - Summon Ice Beast      Ice/Summ       #####...     10%         4    ###....

Your spell library contained the following spells:

 Spells                   Type           Power        Failure   Level  Hunger
 Flame Tongue             Conj/Fire      #####        1%          1    None
 Freeze                   Ice            ####         1%          1    None
 Magic Dart               Conj           ####         1%          1    None
 Sandblast                Erth           #####.       1%          1    None
 Shock                    Conj/Air       ####         1%          1    None
 Corona                   Hex            ####...      3%          1    None
 Throw Flame              Conj/Fire      ######       1%          2    None
 Throw Frost              Conj/Ice       ######       1%          2    None
 Call Imp                 Summ           #####...     2%          2    None
 Static Discharge         Conj/Air       #####...     2%          3    None
 Dazzling Spray           Conj/Hex       #####.       3%          3    None
 Slow                     Hex            ####....     4%          2    None
 Inner Flame              Hex/Fire       #####...     4%          3    None
 Sticky Flame             Conj/Fire      ######..     4%          4    ###....
 Throw Icicle             Conj/Ice       ######..     4%          4    ###....
 Passwall                 Tmut/Erth      ###.....     5%          2    None
 Swiftness                Chrm/Air       ###.....     5%          2    None
 Ozocubu's Armour         Chrm/Ice       ####....     7%          3    None
 Confuse                  Hex            ####....     10%         3    None
 Tukima's Dance           Hex            ####....     10%         3    None
 Airstrike                Air            #####.....   16%         4    ###....
 Lightning Bolt           Conj/Air       #####.....   22%         5    #####..
 Petrify                  Tmut/Erth      ###.....     36%         4    ###....
 Lee's Rapid Deconstruct  Erth           #####.....   41%         5    #####..


Dungeon Overview and Level Annotations

Branches:
Dungeon (10/15)            Temple (1/1) D:4            Lair (0/6) D:8
    Orc: D:9-12

Altars:
Ashenzari
Cheibriados
Dithmenos
Fedhas
Gozag
Hepliaklqana
Kikubaaqudgha
Makhleb
Nemelex Xobeh
Qazlal
Sif Muna
Trog
Vehumet
Wu Jian
Xom
Yredelemnul
Zin
The Shining One

Shops:
D:4 :


Innate Abilities, Weirdness & Mutations

You have hooves in place of feet.
You have a moderately thin skeletal structure. (Dex +4, Stealth+)
Your flesh is heat resistant. (rF+)
You are slightly more attuned to the shadows.


Message History

Aiming: Stone Arrow (safe; 2% risk of failure)
Press: ? - help, Shift-Dir - straight line, f/p - troll
Aim: a troll (moderately wounded)
You feel a surge of power!
The stone arrow hits the troll.
The troll is severely wounded.
The troll bites you. The troll claws you!
* * * LOW HITPOINT WARNING * * *
The troll barely misses you.
Casting: Stone Arrow (safe; 2% risk of failure)
Confirm with . or Enter, or press ? or * to list all spells.
Aiming: Stone Arrow (safe; 2% risk of failure)
Press: ? - help, Shift-Dir - straight line, f/p - troll
Aim: a troll (severely wounded)
You feel a surge of power!
The stone arrow hits the troll.
You kill the troll!
The orc wizard gestures wildly while chanting.
The orc wizard blinks!
The ogre hits you with a +0 giant club!!
You die...
Your body crumbles into a pile of gold.

...........#.##.#.........
...........#....#.........
...........####)#.).......
...[............[.........
.(.........##.#####....#..
...........##.#...#.####
##########.##.....#.#####+#
.........................>.
..(..# ....#....@###.......
.....# #####.###O#.+.......
.....#
#####.#...ยง.#.......
.....+..................#+#
.....#.#####......(.....#
.....# #.............
....## #...$......# ....#
#<.......... #####
#...$.......


You could see an ogre.

Vanquished Creatures
  Erolcha (D:9)
  Erica (D:8)
  A two-headed ogre (D:8)
  Pikel (D:9)
  Maurice (D:8)
  Psyche (D:8)
  3 trolls (D:10)
  4 hornets
  A hippogriff (D:8)
  6 yaks (D:8)
  A vampire (D:6)
  A wyvern (D:6)
  Eustachio (D:4)
  Edmund (D:4)
  2 water moccasins (D:8)
  4 porcupines (D:8)
  6 orc warriors
  A sky beast (D:8)
  4 slaves (D:9)
  3 centaurs
  An ogre (D:8)
  A crocodile (D:8)
  A big kobold (D:9)
  Blork the orc (D:6)
  3 bullfrogs
  A wyvern zombie (D:9)
  4 scorpions
  10 killer bees
  9 wights
  A howler monkey (D:2)
  A bullfrog zombie (D:7)
  4 centaur zombies
  2 hounds (D:9)
  A jelly (D:6)
  2 orc priests
  Crazy Yiuf (D:2)
  3 orc wizards
  A centaur skeleton (D:7)
  8 worker ants
  13 adders
  5 gnolls
  4 shadow imps
  An adder zombie (D:5)
  2 worms
  3 dart slugs
  7 leopard geckos
  41 orcs
  8 bats
  6 giant cockroaches
  7 goblins
  6 hobgoblins
  10 jackals
  12 kobolds
  7 quokkas
  2 ball pythons
  4 frilled lizards
  A jackal skeleton (D:4)
  2 quokka skeletons
  6 rats
246 creatures vanquished.

Vanquished Creatures (others)
  6 fungi (D:8)
  24 plants (D:8)
30 creatures vanquished.

Grand Total: 276 creatures vanquished

Notes
Turn   | Place    | Note
-------+----------+-------------------------------------------
     0 | D:1      | Kaname the Demonspawn Wizard began the quest for the Orb.
     0 | D:1      | Reached XP level 1. HP: 13/13 MP: 4/4
   166 | D:1      | Reached skill level 2 in Conjurations
   233 | D:1      | Gained mutation: You have large cloven feet. [demonic
                  | ancestry]
   233 | D:1      | Reached XP level 2. HP: 10/19 MP: 0/6
  1111 | D:2      | Reached skill level 3 in Conjurations
  1111 | D:2      | Gained mutation: You have hoof-like feet. [demonic
                  | ancestry]
  1111 | D:2      | Reached XP level 3. HP: 20/24 MP: 0/7
  1568 | D:2      | Found an ancient bone altar of Kikubaaqudgha.
  1568 | D:2      | Found a blossoming altar of Fedhas.
  1568 | D:2      | Found a burning altar of Makhleb.
  1568 | D:2      | Found a radiant altar of Vehumet.
  1653 | D:2      | Learned a level 2 spell: Blink
  1657 | D:2      | Learned a level 3 spell: Mephitic Cloud
  1661 | D:2      | Gained mutation: You are slightly more attuned to the
                  | shadows. [demonic ancestry]
  1661 | D:2      | Reached XP level 4. HP: 30/30 MP: 4/8
  1666 | D:2      | Learned a level 3 spell: Conjure Flame
  1717 | D:2      | Reached skill level 4 in Conjurations
  1920 | D:2      | Found a runed door.
  1924 | D:2      | Noticed Crazy Yiuf
  1944 | D:2      | Killed Crazy Yiuf
  2226 | D:2      | Reached skill level 5 in Conjurations
  2226 | D:2      | Gained mutation: You have a somewhat thin skeletal
                  | structure. (Dex +2, Stealth) [demonic ancestry]
  2226 | D:2      | Reached XP level 5. HP: 29/35 MP: 9/9
  3135 | D:4      | Reached skill level 6 in Conjurations
  3135 | D:4      | Gained mutation: You have hooves in place of feet. [demonic
                  | ancestry]
  3135 | D:4      | Reached XP level 6. HP: 41/41 MP: 1/10
  3221 | D:4      | Noticed Edmund
  3502 | D:4      | Killed Edmund
  3502 | D:4      | Reached skill level 7 in Conjurations
  3875 | D:4      | Found a staircase to the Ecumenical Temple.
  3882 | D:4      | Found Nelynk's Book Shop.
  3895 | D:4      | Noticed Eustachio
  3907 | D:4      | Killed Eustachio
  3907 | D:4      | Reached XP level 7. HP: 46/46 MP: 1/11
  3923 | Temple   | Entered the Ecumenical Temple
  3999 | Temple   | Became a worshipper of Gozag Ym Sagoz the Greedy
  4134 | D:5      | Entered Level 5 of the Dungeon
  4929 | D:6      | Noticed Blork the orc
  5169 | D:6      | Noticed a wyvern
  5386 | D:6      | Reached skill level 5 in Short Blades
  5421 | D:6      | Found a shadowy altar of Dithmenos.
  5421 | D:6      | Found a shimmering altar of Xom.
  5693 | D:6      | Killed Blork the orc
  5693 | D:6      | Gained mutation: Your flesh is heat resistant. (rF+)
                  | [demonic ancestry]
  5693 | D:6      | Reached XP level 8. HP: 52/52 MP: 6/13
  5807 | D:4      | Bought a book of Geomancy for 350 gold pieces
  5811 | D:4      | Learned a level 3 spell: Stone Arrow
  7069 | D:4      | Bought a book of Maledictions for 250 gold pieces
  7072 | D:4      | Learned a level 2 spell: Ensorcelled Hibernation
  7211 | D:8      | Noticed Psyche
  7215 | D:8      | Killed Psyche
  7215 | D:8      | Reached skill level 5 in Stealth
  7215 | D:8      | Reached XP level 9. HP: 57/57 MP: 9/15
  7243 | D:8      | Noticed Erica
  7306 | D:8      | Reached skill level 1 in Ice Magic
  7603 | D:8      | Reached skill level 5 in Spellcasting
  7684 | D:8      | Noticed Maurice
  7734 | D:8      | Killed Maurice
  7791 | D:8      | Killed Erica
  7791 | D:8      | Reached skill level 5 in Ice Magic
  7791 | D:8      | Reached XP level 10. HP: 49/63 MP: 1/19
  8222 | D:8      | Reached skill level 1 in Hexes
  8247 | D:8      | Reached skill level 1 in Air Magic
  8398 | D:8      | Noticed a two-headed ogre
  8403 | D:8      | Killed a two-headed ogre
  8555 | D:8      | Found a staircase to the Lair.
  8567 | D:8      | Learned a level 5 spell: Fireball
  8699 | D:8      | Reached skill level 1 in Fire Magic
  9429 | D:4      | Bought a book of Air for 350 gold pieces
  9429 | D:4      | Bought a book of Frost for 350 gold pieces
  9434 | D:4      | Learned a level 4 spell: Summon Ice Beast
  9847 | D:9      | Noticed Erolcha
 10008 | D:9      | Reached skill level 5 in Fire Magic
 10240 | D:9      | Noticed Pikel
 10496 | D:9      | Killed Pikel
 10556 | D:9      | Gained mutation: You have a moderately thin skeletal
                  | structure. (Dex +4, Stealth+) [demonic ancestry]
 10556 | D:9      | Reached XP level 11. HP: 62/68 MP: 12/20
 10655 | D:9      | Got a fine ring mail
 10666 | D:9      | Identified the +6 ring mail of Naogouv {*Corrode rF+ MR+
                  | Int+3} (You found it on level 9 of the Dungeon)
 10860 | D:9      | Killed Erolcha
 10901 | D:10     | Entered Level 10 of the Dungeon
 11223 | D:10     | Mangled by an ogre

Vault maps used:
D:1:      dpeg_arrival_simpleton_c, minmay_misc_feat_square, skrybe_limestone_x
D:2:      chequers_temple_overflow_statue_of_worship, hangedman_decor_push,
          minmay_misc_feat_five, uniq_crazy_yiuf_cottage
D:4:      minmay_temple_entry_large_hall, serial_shops, nicolae_shop_crystal,
          uniq_edmund, uniq_eustachio
D:5:      first_ration
D:6:      gammafunk_temple_overflow_wave, item_on_display_b, uniq_blork_the_orc
D:8:      minmay_lair_entry_grove, special_room, uniq_psyche, uniq_erica,
          uniq_maurice
D:9:      hangedman_pestilent_swarm, chequers_serial_rivers_small_a,
          uniq_erolcha, uniq_pikel
D:10:     argonaut_augean_stables, ebering_ghost_rock_garden, uniq_fannar
Temple:   nicolae_temple_elliptical

Skill      XL: |  1  2  3  4  5  6  7  8  9 10 11 |
---------------+----------------------------------+-----
Conjurations   | 2 3 5 6 7 |  7.5
Short Blades   | 2 5 |  5.0
Spellcasting   | 4 6 |  6.9
Earth Magic    | 4 |  4.0
Stealth        | 5 |  5.2
Ice Magic      | 5 6 |  6.1
Hexes          | 2 |  2.2
Air Magic      | 4 |  4.0
Fire Magic     | 5 6 |  6.3
Summonings     | 4 |  4.2
Dodging        | |  1.7
Translocations | |  0.8

Action                   |  1- 3 |  4- 6 |  7- 9 | 10-12 || total
-------------------------+-------+-------+-------+-------++-------
Melee: Whip              |    16 |       |       |       ||    16
       Spear             |    11 |    19 |       |       ||    30
       Quarterstaff      |       |    71 |       |       ||    71
       Kick              |       |    21 |    55 |    65 ||   141
       Dagger            |       |       |   192 |   218 ||   410
 Cast: Magic Dart        |    62 |    70 |    77 |       ||   209
       Mephitic Cloud    |       |     5 |     6 |     5 ||    16
       Conjure Flame     |       |       |     2 |     3 ||     5
       Blink             |       |       |     2 |     1 ||     3
       Stone Arrow       |       |       |    15 |    56 ||    71
       Ensorcelled Hiber |       |       |     5 |       ||     5
       Fireball          |       |       |       |     6 ||     6
Evoke: Wand              |       |       |     7 |     3 ||    10
  Use: Potion            |     4 |       |     5 |       ||     9
       Scroll            |     1 |     3 |     5 |     4 ||    13
 Stab: Sleeping          |     2 |     7 |     9 |    15 ||    33
       Confused          |       |     7 |     6 |     4 ||    17
       Paralysed         |       |     1 |       |     1 ||     2
       Petrified         |       |     2 |       |       ||     2
       Distracted        |       |       |       |     1 ||     1
       Petrifying        |       |       |       |     1 ||     1
  Eat: Chunk             |     2 |     7 |     1 |       ||    10
       Ration            |       |       |     4 |     4 ||     8
Armor: Robe              |     5 |    10 |    21 |     9 ||    45
       Skin              |       |       |    21 |       ||    21
Dodge: Dodged            |    25 |    35 |    94 |    95 ||   249

Table legend:
 A = Non-vault XP
 B = Vault XP
 C = Vault XP percentage of total XP
 D = Non-vault monster count
 E = Vault monster count
 F = Vault count percentage of total count
                 A         B        C        D         E       F
            +---------+---------+-------+---------+---------+-------
      Total |    6827 |    7620 |  52.7 |     190 |      52 |  21.5
            +---------+---------+-------+---------+---------+-------
        D:1 |      43 |       0 |   0.0 |      17 |       0 |   0.0
        D:2 |     159 |      40 |  20.1 |      26 |       1 |   3.7
        D:3 |      85 |       0 |   0.0 |      21 |       0 |   0.0
        D:4 |     157 |     366 |  70.0 |      11 |       2 |  15.4
        D:5 |     277 |       0 |   0.0 |      15 |       0 |   0.0
        D:6 |     661 |     102 |  13.4 |      15 |       1 |   6.2
        D:7 |     407 |       0 |   0.0 |      17 |       0 |   0.0
        D:8 |    2516 |    4510 |  64.2 |      29 |      42 |  59.2
        D:9 |    1050 |    2602 |  71.2 |      29 |       6 |  17.1
       D:10 |    1472 |       0 |   0.0 |      10 |       0 |   0.0
            +---------+---------+-------+---------+---------+-------
